 Dungeon Crawl Stone Soup version 0.13.0-19-g8e0b589 (webtiles) character file.

259 Malachi the Vexing (level 4, 0/30 HPs)
             Began as a Vampire Enchanter on Oct 24, 2013.
             Slain by a gnoll
             ... wielding a +0,+0 club
              (7 damage)
             ... on Level 3 of the Dungeon.
             The game lasted 00:04:43 (3007 turns).

Malachi the Vexing (Vampire Enchanter)              Turns: 3007, Time: 00:04:43

HP   0/30        AC  3     Str  7      XL: 4   Next: 22%
MP   3/8         EV 13     Int 18      God:
Gold 176         SH  0     Dex 14      Spells:  2 memorised,  1 level left

Res.Fire  : + . .   See Invis. : +   t - +1 short sword
Res.Cold  : + . .   Warding    : .   n - +0 robe (curse)
Life Prot.: + + .   Conserve   : .   (no shield)
Res.Poison: +       Res.Corr.  : .   (no helmet)
Res.Elec. : .       Clarity    : .   (no cloak)
Sust.Abil.: . .     Spirit.Shd : .   (no gloves)
Res.Mut.  : .       Stasis     : .   f - +0 pair of elf boots
Res.Rott. : +       Flight     : .   (no amulet)
Saprovore : . . .                    (no ring)
                                     g - ring of protection from fire

@: regenerating slowly, slightly resistant to hostile enchantments, quite
stealthy
A: fangs 3, see invisible, unbreathing
a: Bat Form


You were on level 3 of the Dungeon.
You were thirsty.

You visited 1 branch of the dungeon, and saw 3 of its levels.

You collected 156 gold pieces.

Inventory:

Hand weapons
 a - a +1,+1 dagger {=f}
 t - a +1,+1 short sword (weapon)
Missiles
 d - 12 darts (quivered)
Armour
 b - a +1 robe
 f - a +0 pair of elven boots (worn)
 n - a cursed +0 robe (worn)
Magical devices
 r - a wand of flame (12) {unknown}
Scrolls
 e - a scroll of noise {unknown}
 k - a scroll of teleportation
 o - a scroll of enchant weapon II
Jewellery
 g - a ring of protection from fire (left hand)
 q - an uncursed ring of poison resistance
Potions
 h - a potion of might {unknown}
 i - a potion of speed {unknown}
 j - 2 potions of magic {unknown}
 l - a potion of curing {unknown}
 m - 4 potions of heal wounds {unknown}
 p - a potion of invisibility {unknown}
 s - a potion of agility {unknown}
Books
 c - a book of Maledictions

   Spells                             Type                      Level
   *Corona                            Hexes                        1
   Sure Blade                         Hexes/Charms                 2
   Ensorcelled Hibernation            Hexes/Ice                    2
   *Confuse                           Hexes                        3
   Enslavement                        Hexes                        4
   Invisibility                       Hexes                        6


   Skills:
 + Level 1.4 Short Blades
 - Level 0.7 Throwing
 + Level 3.5 Dodging
 + Level 4.2 Stealth
 - Level 1.0 Spellcasting
 + Level 5.5 Hexes


You had one spell level left.
You knew the following spells:

 Your Spells              Type           Power        Failure   Level  Hunger
a - Corona                Hex            ###....      1%          1    ##.....
b - Confuse               Hex            ###.....     10%         3    ####...


Dungeon Overview and Level Annotations

Branches:
Dungeon (3/27)

Altars:


Innate Abilities, Weirdness & Mutations

You heal slowly.
You have razor-sharp teeth.*
You have supernaturally acute eyesight.
You can survive without breathing.*


Message History

Aiming: Confuse
Press: ? - help, Shift-Dir - straight line, f/p - gnoll
Aim: a gnoll, wielding a club (lightly wounded)
The gnoll struggles to resist.
The gnoll closely misses you.
You hit the gnoll.
The gnoll is moderately wounded.
The gnoll misses you.
You barely miss the gnoll.
The gnoll is moderately wounded.
The gnoll hits you but does no damage.
You closely miss the gnoll. You bite the gnoll, but do no damage.
The gnoll is moderately wounded.
The gnoll hits you with a club!
You hit the gnoll.
The gnoll is heavily wounded.
The gnoll hits you with a club!
* * * LOW HITPOINT WARNING * * *
You are too injured to fight recklessly!
The gnoll hits you with a club!
You die...

##........#....##.........
?...................+.......##
.......#....####..##.......##
.......+....+.....##.......##
.......#....####.###.......##
............# #.. +.......'.
............# ### #.......##
...#........#######.......## .
#...%...@g$....##########
#..............# #
#.....%........# ########
##+##..........# #....... ####
#.##..........# #.......
...#+#####.##........$.#
#.......
#........#.##..........#
###.....
#........#.############ #.####
#........#.# ######'#...


You could see a gnoll.

Vanquished Creatures
  3 gnolls (D:3)
  An adder (D:2)
  A worm (D:2)
  A giant gecko (D:2)
  3 giant cockroaches (D:1)
  8 goblins
  3 hobgoblins
  A ball python (D:2)
  10 bats
  6 giant newts
  2 kobolds
  A rat (D:1)
40 creatures vanquished.

Notes
Turn   | Place    | Note
--------------------------------------------------------------
     0 | D:1      | Malachi, the Vampire Enchanter, began the quest for the Orb.
     0 | D:1      | Reached XP level 1. HP: 13/13 MP: 4/4
   451 | D:1      | Reached XP level 2. HP: 19/19 MP: 5/5
   541 | D:1      | Reached skill level 5 in Hexes
  1932 | D:2      | Reached XP level 3. HP: 21/24 MP: 6/6
  1964 | D:2      | Learned a level 3 spell: Confuse
  2787 | D:3      | Reached XP level 4. HP: 20/30 MP: 4/8
  3007 | D:3      | Slain by a gnoll

Action                   |  1- 3 |  4- 6 || total
-------------------------+-------+-------++-------
Melee: Dagger            |   146 |    10 ||   156
       Short sword       |       |    21 ||    21
 Cast: Corona            |     3 |       ||     3
       Confuse           |     5 |     4 ||     9
  Use: Scroll            |     5 |       ||     5
 Stab: Sleeping          |    10 |       ||    10
       Confused          |     3 |     1 ||     4
       Distracted        |     1 |       ||     1
